 Dungeon Crawl Stone Soup version 0.17-a0-2073-gde5cdba (webtiles) character file.

14 nicanaca0 the Sneak (level 2, 12/13 HPs)
             Began as a Spriggan Enchanter on May 22, 2015.
             Quit the game on level 1 of the Dungeon on Oct 15, 2015.
             The game lasted 00:03:39 (411 turns).

nicanaca0 the Sneak (Spriggan Enchanter)             Turns: 411, Time: 00:03:39

Health: 12/13      AC:  3    Str:  4    XL:     2   Next: 31%
Magic:  6/6        EV: 18    Int: 16    God:
Gold:   42         SH:  0    Dex: 16    Spells: 1 memorised, 5 levels left

rFire  . . .     SeeInvis +     a - +1 dagger
rCold  . . .     Clarity  .     b - +1 robe
rNeg   . . .     SustAt   .     (shield restricted)
rPois  .         Gourm    .     (helmet restricted)
rElec  .         Spirit   .     (no cloak)
rCorr  .         Warding  .     (gloves unavailable)
rMut   .         Stasis   .     (boots unavailable)
MR     .....                    (no amulet)
Stlth  +++.......               (no ring)
                                (no ring)

@: very quick, not resistant to hostile enchantments, fairly stealthy
A: unfitting armour, see invisible, herbivore 3, speed 3, slow metabolism 2
a: no special abilities


You were on level 1 of the Dungeon.
You were not hungry.

You visited 1 branch of the dungeon, and saw 1 of its levels.

You collected 42 gold pieces.

Inventory:

Hand Weapons
 a - a +1 dagger (weapon)
Missiles
 f - 28 stones (quivered)
Armour
 b - a +1 robe (worn)
Scrolls
 g - a scroll of enchant armour {unknown}
 h - a scroll of recharging {unknown}
 i - a scroll of fear {unknown}
 j - a scroll of random uselessness {unknown}
Potions
 e - 3 potions of curing {unknown}
Books
 c - a book of Maledictions

   Spells                             Type                      Level
   a - Corona                         Hexes                        1
   b - Ensorcelled Hibernation        Hexes/Ice                    2
   c - Confuse                        Hexes                        3
   d - Tukima's Dance                 Hexes                        3
   e - Dazzling Spray                 Conjuration/Hexes            3
Comestibles
 d - 2 bread rations


   Skills:
 * Level 2.2 Short Blades
 - Level 3.0 Dodging
 + Level 4.8 Stealth
 - Level 2.6 Spellcasting
 - Level 3.6 Hexes


You had 5 spell levels left.
You knew the following spells:

 Your Spells              Type           Power        Failure   Level  Hunger
a - Corona                Hex            ##.....      6%          1    #......


Dungeon Overview and Level Annotations

Branches:
Dungeon (1/15)

Altars:


Innate Abilities, Weirdness & Mutations

You are tiny and cannot use many weapons and most armour.
You have supernaturally acute eyesight.
You are a herbivore.
You cover ground extremely quickly.
You need consume almost no food.


Message History

The bat barely misses you. x2
You see here a shield.
You closely miss the bat.
The bat is moderately wounded.
The bat misses you. The bat hits you but does no damage.
You barely miss the bat.
The bat is moderately wounded.
The bat closely misses you. The bat misses you.
You hit the bat but do no damage.
The bat is moderately wounded.
The bat misses you. The bat closely misses you.
You hit the bat.
You kill the bat!
A rat comes into view.
The helpless rat fails to defend itself.
You impale the rat!!
You kill the rat!
Welcome back, nicanaca0 the Spriggan Enchanter.
Press ? for a list of commands and other information.
Are you sure you want to abandon this character and quit the game? (Confirm with "yes".)

#.# ##.# ##.# ##.#
#.#########################.#
#.....†...................#.#
####################.#.###...#
.........[...............#.###
#####.######.#######.#.#.#.######
.......).......>.......#.........
#####.#######)#.##########.######
#.# #.#.@..........# #.#
#....########### #.# ##...#
###.### #...# #.....# ##..#
###.#.#.## #..# .........# #..#
.#######.# #..# .##...##.#


There were no monsters in sight!

Vanquished Creatures
  A ball python (D:1)
  2 bats (D:1)
  2 giant cockroaches (D:1)
  A giant gecko (D:1)
  2 giant newts (D:1)
  3 kobolds (D:1)
  6 rats (D:1)
17 creatures vanquished.

Notes
Turn   | Place    | Note
--------------------------------------------------------------
     0 | D:1      | nicanaca0 the Spriggan Enchanter began the quest for the Orb.
     0 | D:1      | Reached XP level 1. HP: 9/9 MP: 5/5
   210 | D:1      | Reached XP level 2. HP: 10/13 MP: 6/6
   411 | D:1      | Upgraded the game from 0.17-a0-1115-g0372368 to 0.17-a0-2073-gde5cdba
   411 | D:1      | Quit the game

Vault maps used:
D:1:      dpeg_arrival_triangle_fractal, minmay_misc_feat_enclosed

Action                   || total
-------------------------++-------
Melee: Dagger            ||    47
 Stab: Sleeping          ||     7
